← All builds
Geo sea / Cortex / Economy first / OBSERVED BUILD

Standard geo sea

Cortex Geo sea build order · Supreme Isthmus

The role's default economy-first play: bot lab then shipyard in the cove, quick frigate/submarine/destroyer navy to contest sea and hold the coast, transitioning into whatever the sea fight needs.

Usually shipyard in the cove (98%)

#naval #eco · 977 distinct matches · 100 players · 83% of Cortex Geo sea games · team won 52% of 1096 · Recently observed

HOW TO PLAY IT

Key timing: Shipyard by 3:18

  1. Open 3 mex, wind and solar, then Bot Lab.
  2. Get a BP and costal torpedo launcher up before the Shipyard.
  3. Put up Shipyard once you can defend it.
  4. Push out "submarine" and "frigate" to contest the sea.
  5. Add geothermal to fund the fleet transition into "destroyer", "missile corvette".

Phase by phase

TYPICAL OF ITS 977 GAMES
  1. 1
  2. 2
  3. 3
  4. 4
PLAY THE OPENING

Follow the example game's first 6:00 step by step: what to build now, what comes next, and where it goes. At 1× it keeps pace with your own game.

  1. 1

    Up to the Bot Lab

    Economy
    • Metal Extractor3Mex
    • Wind Turbine3Wind
    Order
    1. Bot LabBot Lab after 3 mex, 3 winddone ~1:12, middle half 1:06–1:26

    Some games also: wind for allies (49%)

    By 0:55 in all: 3 mex · 3 wind

    The example game in this phase · 4 steps
    1. Mex ×3
    2. Wind ×2for Air
    3. Wind
    4. Bot LabBot Labdone 1:20 · typical 1:12
  2. 2

    Bot Lab to Shipyard

    Economy
    • Metal Extractor1Mex
    • Wind Turbine2Wind
    Order
    1. ShipyardShipyard after 4 mex, 5 wind, 1 energy storagedone ~3:17, middle half 3:02–3:33
    Builders
    • Construction Bot3 Con bot
    • Graverobber2 Graverobber
    Army
    • Grunt1 Grunt

    Some games also: con turret (46%) · trasher (39%) · energy storage (34%) · wind for allies (32%)

    By 2:51 in all: 4 mex · 5 wind

    The example game in this phase · 9 steps
    1. Wind
    2. Construction BotCon bot
    3. Wind
    4. Construction BotCon bot
    5. GraverobberGraverobber
    6. Mex
    7. GraverobberGraverobber
    8. Construction BotCon bot
    9. ShipyardShipyarddone 2:53 · typical 3:17
  3. 3

    Shipyard to 5:00

    Economy
    • Metal Extractor4Mex
    Builders
    • Construction Ship1 Con ship
    Army
    • Riptide2 Frigate
    • Orca1 Submarine
    Other
    • Radar Tower1 Radar Tower

    Some games also: Guard (49%) · wind (48%) · missile corvette (48%) · destroyer (46%) · gunboat (40%)

    By 5:00 in all: 8 mex · 6 wind · 1 energy storage · 1 con turret

    The example game in this phase · 30 steps
    1. Construction BotCon bot
    2. Energy storage
    3. GruntGrunt
    4. Mex
    5. SupporterGunboat
    6. GruntGrunt
    7. SupporterGunboat
    8. Wind
    9. SupporterGunboat
    10. Mex
    11. SupporterGunboat
    12. Wind
    13. SupporterGunboat
    14. Wind
    15. SupporterGunboat
    16. GuardGuard
    17. SupporterGunboat
    18. ThistleThistle
    19. Wind
    20. HerringMissile corvette
    21. SupporterGunboat ×2
    22. GuardGuard
    23. SupporterGunboat
    24. OrcaSubmarinedone 4:44 · typical 4:19
    25. Wind
    26. Radar TowerRadar Tower
    27. Construction ShipCon ship
    28. ThistleThistle
    29. Death CavalryDeath Cavalry
    30. Wind
  4. 4

    5:00 to 10:00

    Economy
    • Metal Extractor2Mex
    • Wind Turbine8Wind
    • Energy Converter1Converter
    Builders
    • Construction Turret1 Con turret
    • Death Cavalry2 Death Cavalry
    • Construction Ship1 Con ship
    Army
    • Guard2 Guard
    • Riptide5 Frigate
    • Oppressor2 Destroyer
    Other
    • Naval Radar / Sonar Tower2 Naval Radar / Sonar Tower

    Some games also: geo (47%) · Thistle (40%) · submarine (34%)

    By 10:00 in all: 10 mex · 15 wind · 1 geo · 4 converter · 1 energy storage · 2 con turret

    The example game in this phase · 79 steps
    1. Mex
    2. RiptideFrigatedone 5:37 · typical 4:35
    3. Wind
    4. Con turret
    5. Mex
    6. RiptideFrigate
    7. Wind
    8. OppressorDestroyerdone 6:44 · typical 5:51
    9. Radar TowerRadar Tower
    10. Wind
    11. ThistleThistle
    12. Mex
    13. Geothermal PowerplantGeodone 8:10 · typical 7:59
    14. RiptideFrigate ×2
    15. Converter
    16. Advanced Metal ExtractorT2 mexdone 8:23 · typical 9:22
    17. Naval Radar / Sonar TowerNaval Radar / Sonar Tower
    18. Converter
    19. HerringMissile corvette
    20. Converter ×2
    21. Death CavalryDeath Cavalry
    22. Advanced Metal ExtractorT2 mex
    23. Converter
    24. RiptideFrigate
    25. Wind
    26. RiptideFrigate
    27. Naval Radar / Sonar TowerNaval Radar / Sonar Tower
    28. Advanced Metal ExtractorT2 mex
    29. Wind
    30. OppressorDestroyer
    31. Wind ×2
    32. RiptideFrigate
    33. Naval Radar / Sonar TowerNaval Radar / Sonar Tower
    34. RiptideFrigate
    35. Con turret
    36. Advanced Metal ExtractorT2 mex
    37. Wind
    38. HerringMissile corvette
    39. Wind
    40. Death CavalryDeath Cavalry
    41. RiptideFrigate
    42. Wind
    43. RiptideFrigate
    44. OppressorDestroyer
    45. Wind
    46. RiptideFrigate
    47. Advanced Geothermal PowerplantAdvanced Geothermal Powerplantdone 13:26
    48. RiptideFrigate
    49. Wind
    50. HerringMissile corvette
    51. Death CavalryDeath Cavalry
    52. Wind
    53. RiptideFrigate
    54. Con turret
    55. Naval Radar / Sonar TowerNaval Radar / Sonar Tower
    56. Con turret
    57. Wind
    58. RiptideFrigate
    59. Con turret ×2
    60. OppressorDestroyer
    61. Wind
    62. HerringMissile corvette ×2
    63. Wind
    64. HerringMissile corvette ×2
    65. Naval Radar / Sonar TowerNaval Radar / Sonar Tower
    66. HerringMissile corvette ×4
    67. Naval Radar / Sonar TowerNaval Radar / Sonar Tower
    68. RiptideFrigate ×2
    69. HerringMissile corvette
    70. Death CavalryDeath Cavalry
    71. HerringMissile corvette ×5
    72. RiptideFrigate ×2
    73. Advanced Metal ExtractorT2 mex
    74. OppressorDestroyer
    75. Mex
    76. RiptideFrigate ×2
    77. HerringMissile corvette
    78. Death CavalryDeath Cavalry
    79. RiptideFrigate

Counts are medians over the build's games: half of them build more, half fewer. The example game is thermite's (37 OS, 20/09/2026); pick another.

Team trades

IN AT LEAST 30% OF ITS GAMES

You hand over

  • Wind Turbine2 Wind to Airfirst at 1:48 · in 72% of games

You get

  • Finch1 Finch from Airfirst at 1:51 · in 83% of games
  • Hercules1 Light transport from Airfirst at 2:00 · in 75% of games
  • Advanced Construction Bot1 T2 con bot from Techfirst at 7:44 · in 89% of games

How it plays out

Typical game of this build, running totals by minute

Metal produced

010k20k30k
0:005:0010:0015:00

metal

Enemy metal destroyed

05k10k
0:005:0010:0015:00

metal

Own metal lost

02.5k5k7.5k
0:005:0010:0015:00

metal

1096 games.

Show as table
ByMetal produced: This buildEnemy metal destroyed: This buildOwn metal lost: This build
1:0039700
2:0092800
3:00156700
4:002900051
5:00410913152
6:005464441241
7:006946931551
8:0086111570903
9:001049024561351
10:001261036252061
11:001521848802898
12:001811663973757
13:002141473914448
14:002501386465363
15:002878197446294
WHAT THE NUMBERS SAY

Standard Cortex geo sea sits at an even 50% win rate, trading a slower start for a big resource lead by 15:00.

  • + Metal produced hits 28451 by 15:00, well above both front roles
  • + Own metal lost stays far below enemy metal destroyed at every checkpoint
  • − Only 50% team win rate, the lowest of these six builds
  • − T2 factory only completes in 40% of games by 12:53
THE EXAMPLE YOU ARE READING

thermite

37.0 OS · 20/09/2026

Open source match ↗

5 received units · includes a constructor
205 metal received · 53452 energy received

Allied construction assistance is unknown. Timings are observations, not a promise of solo reproducibility.

Typical milestones

Bot Lab1:12Middle 50%: 1:06–1:26 · n=1085
Shipyard3:17Middle 50%: 3:02–3:33 · n=1090
Orca4:19Middle 50%: 3:54–5:00 · n=755
Riptide4:35Middle 50%: 4:08–5:21 · n=1064
Oppressor5:51Middle 50%: 5:08–6:35 · n=992
Geothermal Powerplant7:59Middle 50%: 7:01–9:00 · n=655
Advanced Metal Extractor9:22Middle 50%: 8:45–10:10 · n=940

Played most by

sirniho122games of this buildSHOGVN92games of this buildOptimusprimenutt84games of this buildPRO_Rerory47games of this buildhihimik41games of this build